% Time on Ice - LAS VEGAS LIZARD KINGS
Lines # - Real PCT - Wanted PCT - Time Play
Normal Forward
1 - 36% - 37% - 19:09
2 - 28% - 29% - 14:56
3 - 29% - 25% - 15:29
4 - 7% - 9% - 3:54
Normal Defense
1 - 40% - 45% - 21:31
2 - 37% - 43% - 19:38
3 - 23% - 12% - 12:19
4 - 0% - 0% - 0:00
PP Forward
1 - 60% - 75% - 2:14
2 - 40% - 25% - 1:28
PP Defense
1 - 50% - 70% - 1:51
2 - 50% - 30% - 1:51
PK Forward
1 - 100% - 65% - 1:50
2 - 0% - 35% - 0:00
PK Defense
1 - 89% - 65% - 1:38
2 - 11% - 35% - 0:12
PK3 Forward
1 - 0% - 55%
2 - 0% - 45%
PK3 Defense
1 - 0% - 50%
2 - 0% - 50%
44 Forward
1 - 0% - 55%
2 - 0% - 45%
44 Defense
1 - 0% - 55%
2 - 0% - 45%
Last Minute Offensive  - 0:00
Last Minute Defensive  - 1:00
Total
Forward - 60:00
Defense - 60:00
% Time on Ice - KELOWNA ROCKETS
Lines # - Real PCT - Wanted PCT - Time Play
Normal Forward
1 - 34% - 36% - 17:59
2 - 32% - 34% - 17:06
3 - 27% - 30% - 14:26
4 - 7% - 0% - 3:57
Normal Defense
1 - 32% - 34% - 17:20
2 - 32% - 33% - 17:15
3 - 32% - 33% - 17:14
4 - 3% - 0% - 1:39
PP Forward
1 - 61% - 75% - 1:07
2 - 39% - 25% - 0:43
PP Defense
1 - 61% - 75% - 1:07
2 - 39% - 25% - 0:43
PK Forward
1 - 67% - 55% - 2:29
2 - 33% - 45% - 1:13
PK Defense
1 - 59% - 55% - 2:12
2 - 41% - 45% - 1:30
PK3 Forward
1 - 0% - 55%
2 - 0% - 45%
PK3 Defense
1 - 0% - 55%
2 - 0% - 45%
44 Forward
1 - 0% - 50%
2 - 0% - 50%
44 Defense
1 - 0% - 50%
2 - 0% - 50%
Last Minute Offensive  - 1:00
Last Minute Defensive  - 0:00
Total
Forward - 60:00
Defense - 60:00
Play-by-Play 1st period 0:01 of 1st period - Sean Monahan wins face-off versus Evgeny Kuznetsov in neutral zone. 0:07 of 1st period - Off-side. 0:08 of 1st period - Auston Matthews wins face-off versus Derek Ryan in neutral zone. 0:11 of 1st period - Shot by Tyler Bertuzzi. 0:11 of 1st period - Stopped by Marc-Andre Fleury without a rebound. 0:12 of 1st period - Anthony Cirelli wins face-off versus Evan Rodrigues in LAS VEGAS LIZARD KINGS zone. 1:41 of 1st period - Shot by Tyler Bertuzzi. 1:41 of 1st period - Goal by Tyler Bertuzzi - LAS VEGAS LIZARD KINGS : 0 - KELOWNA ROCKETS : 1. 1:42 of 1st period - Derek Ryan wins face-off versus Evgeny Kuznetsov in neutral zone. 1:51 of 1st period - Icing by Drew Doughty. 1:52 of 1st period - Evgeny Kuznetsov wins face-off versus Sean Monahan in KELOWNA ROCKETS zone. 1:52 of 1st period - Evgeny Kuznetsov is hit by Nino Niederreiter. 2:05 of 1st period - Icing by Adam Fox. 2:06 of 1st period - Evgeny Kuznetsov wins face-off versus Derek Ryan in KELOWNA ROCKETS zone. 2:13 of 1st period - Shot by Alexander Ovechkin. 2:13 of 1st period - Shot Misses the Net. 2:19 of 1st period - Shot by Drew Doughty. 2:19 of 1st period - Shot Blocked by Derek Ryan. 2:24 of 1st period - Off-side. 2:25 of 1st period - Auston Matthews wins face-off versus Sean Monahan in neutral zone. 2:38 of 1st period - Shot by Nino Niederreiter. 2:38 of 1st period - Shot Blocked by Chris Tanev. 2:40 of 1st period - Shot by Brent Burns. 2:40 of 1st period - Shot Misses the Net. 2:42 of 1st period - Shot by Johnny Gaudreau. 2:42 of 1st period - Stopped by Tuukka Rask without a rebound. 2:43 of 1st period - Evgeny Kuznetsov wins face-off versus Derek Ryan in KELOWNA ROCKETS zone. 2:52 of 1st period - Shot by Vladimir Tarasenko. 2:52 of 1st period - Stopped by Marc-Andre Fleury without a rebound. 2:53 of 1st period - Anthony Cirelli wins face-off versus Derek Ryan in LAS VEGAS LIZARD KINGS zone. 3:05 of 1st period - Shot by Nick Bjugstad. 3:05 of 1st period - Stopped by Marc-Andre Fleury without a rebound. 3:06 of 1st period - Evgeny Kuznetsov wins face-off versus Johnny Gaudreau in LAS VEGAS LIZARD KINGS zone. 3:09 of 1st period - Shot by Alexander Ovechkin. 3:09 of 1st period - Shot Misses the Net. 3:11 of 1st period - Shot by Dmitri Orlov. 3:11 of 1st period - Stopped by Marc-Andre Fleury without a rebound. 3:12 of 1st period - Derek Ryan wins face-off versus Evgeny Kuznetsov in LAS VEGAS LIZARD KINGS zone. 3:12 of 1st period - Derek Ryan is hit by Alexander Ovechkin. 4:38 of 1st period - Nino Niederreiter is hit by Drew Doughty and loses puck. 4:43 of 1st period - Shot by Sean Monahan. 4:43 of 1st period - Shot Blocked by Drew Doughty. 4:45 of 1st period - Shot by Johnny Gaudreau. 4:45 of 1st period - Stopped by Tuukka Rask without a rebound. 4:46 of 1st period - Auston Matthews wins face-off versus Evan Rodrigues in KELOWNA ROCKETS zone. 5:05 of 1st period - Shot by Nick Jensen. 5:05 of 1st period - Shot Misses the Net. 5:07 of 1st period - Shot by Barclay Goodrow. 5:07 of 1st period - Shot Misses the Net. 5:13 of 1st period - Shot by Joel Armia. 5:13 of 1st period - Stopped by Tuukka Rask without a rebound. 5:14 of 1st period - Derek Ryan wins face-off versus Anthony Cirelli in KELOWNA ROCKETS zone. 5:19 of 1st period - Shot by Mike Ferland. 5:19 of 1st period - Stopped by Tuukka Rask without a rebound. 5:20 of 1st period - Derek Ryan wins face-off versus Anthony Cirelli in KELOWNA ROCKETS zone. 5:26 of 1st period - Icing by Dmitri Orlov. 5:27 of 1st period - Anthony Cirelli wins face-off versus Sean Monahan in KELOWNA ROCKETS zone. 5:41 of 1st period - Off-side. 5:42 of 1st period - Auston Matthews wins face-off versus Derek Ryan in neutral zone. 7:01 of 1st period - Off-side. 7:02 of 1st period - Anthony Cirelli wins face-off versus Evan Rodrigues in neutral zone. 8:09 of 1st period - Johnny Gaudreau is hit by Evgeny Kuznetsov and loses puck. 8:20 of 1st period - Shot by Sean Monahan. 8:20 of 1st period - Shot Misses the Net. 8:22 of 1st period - Shot by Nino Niederreiter. 8:22 of 1st period - Shot Misses the Net. 8:30 of 1st period - Shot by Sean Monahan. 8:30 of 1st period - Shot Misses the Net. 8:32 of 1st period - Shot by Johnny Gaudreau. 8:32 of 1st period - Deflect By Sean Monahan. 8:32 of 1st period - Stopped by Tuukka Rask without a rebound. 8:33 of 1st period - Derek Ryan wins face-off versus Colby Cave in KELOWNA ROCKETS zone. 8:53 of 1st period - Off-side. 8:54 of 1st period - Evgeny Kuznetsov wins face-off versus Evan Rodrigues in neutral zone. 9:01 of 1st period - Shot by Evgeny Kuznetsov. 9:01 of 1st period - Stopped by Marc-Andre Fleury without a rebound. 9:02 of 1st period - Derek Ryan wins face-off versus Auston Matthews in LAS VEGAS LIZARD KINGS zone. 10:28 of 1st period - Shot by James van Riemsdyk. 10:28 of 1st period - Shot Misses the Net. 10:43 of 1st period - Johnny Gaudreau is hit by Chris Tanev and loses puck. 10:47 of 1st period - Nino Niederreiter is hit by Chris Tanev and loses puck. 11:25 of 1st period - Calvin De Haan is hit by Chris Tanev and loses puck. 11:57 of 1st period - Minor Penalty to Nate Schmidt for Holding. 11:58 of 1st period - Sean Monahan wins face-off versus Auston Matthews in KELOWNA ROCKETS zone. 12:13 of 1st period - Vladimir Tarasenko is hit by Johnny Gaudreau and loses puck. 13:14 of 1st period - Shot by Bobby Ryan. 13:14 of 1st period - Shot Hit the Post. 13:16 of 1st period - Shot by Matt Niskanen. 13:16 of 1st period - Stopped by Tuukka Rask without a rebound. 13:17 of 1st period - Auston Matthews wins face-off versus Johnny Gaudreau in KELOWNA ROCKETS zone. 13:44 of 1st period - Shot by Sean Monahan. 13:44 of 1st period - Stopped by Tuukka Rask without a rebound. 13:45 of 1st period - Auston Matthews wins face-off versus Derek Ryan in KELOWNA ROCKETS zone. 13:45 of 1st period - Auston Matthews is hit by Nino Niederreiter. 13:52 of 1st period - Icing by Nino Niederreiter. 13:53 of 1st period - Auston Matthews wins face-off versus Derek Ryan in LAS VEGAS LIZARD KINGS zone. 15:09 of 1st period - Shot by Alexander Ovechkin. 15:09 of 1st period - Shot Misses the Net. 15:29 of 1st period - Shot by Vladimir Tarasenko. 15:29 of 1st period - Shot Misses the Net. 15:35 of 1st period - Shot by Vladimir Tarasenko. 15:35 of 1st period - Stopped by Marc-Andre Fleury with a rebound. 15:37 of 1st period - Shot by Vladimir Tarasenko. 15:37 of 1st period - Stopped by Marc-Andre Fleury with a rebound. 16:53 of 1st period - Drew Doughty is hit by Johnny Gaudreau and loses puck. 19:04 of 1st period - Shot by Auston Matthews. 19:04 of 1st period - Deflect By Tyler Bertuzzi. 19:04 of 1st period - Stopped by Marc-Andre Fleury without a rebound. 19:05 of 1st period - Anthony Cirelli wins face-off versus Evan Rodrigues in LAS VEGAS LIZARD KINGS zone. 19:26 of 1st period - Icing by Drew Doughty. 19:27 of 1st period - Anthony Cirelli wins face-off versus Derek Ryan in KELOWNA ROCKETS zone. Goals for this period are 0 for LAS VEGAS LIZARD KINGS vs 1 for KELOWNA ROCKETS. Shots for this period are 7 for LAS VEGAS LIZARD KINGS vs 9 for KELOWNA ROCKETS. 2nd period 0:01 of 2nd period - Evgeny Kuznetsov wins face-off versus Sean Monahan in neutral zone. 0:14 of 2nd period - Shot by Sean Monahan. 0:14 of 2nd period - Stopped by Tuukka Rask with a rebound. 0:37 of 2nd period - Shot by Nino Niederreiter. 0:37 of 2nd period - Stopped by Tuukka Rask without a rebound. 0:38 of 2nd period - Derek Ryan wins face-off versus Auston Matthews in KELOWNA ROCKETS zone. 1:12 of 2nd period - Shot by Bobby Ryan. 1:12 of 2nd period - Goal by Bobby Ryan - LAS VEGAS LIZARD KINGS : 1 - KELOWNA ROCKETS : 1. 1:13 of 2nd period - Evan Rodrigues wins face-off versus Evgeny Kuznetsov in neutral zone. 1:22 of 2nd period - Shot by Vladimir Tarasenko. 1:22 of 2nd period - Stopped by Marc-Andre Fleury without a rebound. 1:23 of 2nd period - Evgeny Kuznetsov wins face-off versus Sean Monahan in LAS VEGAS LIZARD KINGS zone. 1:28 of 2nd period - Shot by Alexander Ovechkin. 1:28 of 2nd period - Shot Misses the Net. 1:41 of 2nd period - Off-side. 1:42 of 2nd period - Derek Ryan wins face-off versus Auston Matthews in neutral zone. 2:07 of 2nd period - Shot by Derek Ryan. 2:07 of 2nd period - Shot Misses the Net. 2:10 of 2nd period - Icing by Drew Doughty. 2:11 of 2nd period - Auston Matthews wins face-off versus Johnny Gaudreau in KELOWNA ROCKETS zone. 2:18 of 2nd period - Shot by Auston Matthews. 2:18 of 2nd period - Stopped by Marc-Andre Fleury with a rebound. 2:20 of 2nd period - Shot by Adam Fox. 2:20 of 2nd period - Shot Misses the Net. 2:22 of 2nd period - Shot by Adam Fox. 2:22 of 2nd period - Shot Blocked by Brent Burns. 4:21 of 2nd period - Icing by Evgeny Kuznetsov. 4:22 of 2nd period - Sean Monahan wins face-off versus Evgeny Kuznetsov in KELOWNA ROCKETS zone. 4:56 of 2nd period - Off-side. 4:57 of 2nd period - Evan Rodrigues wins face-off versus Anthony Cirelli in neutral zone. 4:57 of 2nd period - Barclay Goodrow beats up Anthony Cirelli. 4:57 of 2nd period - Penalty to Anthony Cirelli for Fighting. 4:57 of 2nd period - Penalty to Barclay Goodrow for Fighting. 4:58 of 2nd period - Auston Matthews wins face-off versus Evan Rodrigues in neutral zone. 5:16 of 2nd period - Icing by Calvin De Haan. 5:17 of 2nd period - Evan Rodrigues wins face-off versus Tyler Bertuzzi in LAS VEGAS LIZARD KINGS zone. 5:30 of 2nd period - Shot by Joel Armia. 5:30 of 2nd period - Stopped by Tuukka Rask without a rebound. 5:31 of 2nd period - Sean Monahan wins face-off versus Colby Cave in KELOWNA ROCKETS zone. 5:55 of 2nd period - Icing by Sean Monahan. 5:56 of 2nd period - Auston Matthews wins face-off versus Johnny Gaudreau in LAS VEGAS LIZARD KINGS zone. 6:25 of 2nd period - Icing by Brent Burns. 6:26 of 2nd period - Evgeny Kuznetsov wins face-off versus Sean Monahan in LAS VEGAS LIZARD KINGS zone. 6:29 of 2nd period - Shot by Vladimir T